 Dungeon Crawl Stone Soup version 0.30-a0-1160-g6e42c06551 (webtiles) character file.

Game seed: 2753294341001917273

1478083 morax the Phalangite (level 27, 177/177 HPs)
             Began as a Gargoyle Fighter on Apr 27, 2023.
             Was a High Priest of Okawaru.
             Escaped with the Orb
             ... and 3 runes!
             The game lasted 02:22:41 (97055 turns).

morax the Phalangite (Gargoyle Fighter)            Turns: 97055, Time: 02:22:42

Health: 177/177    AC: 49    Str: 34    XL:     27
Magic:  41/41      EV:  9    Int: 31    God:    Okawaru [*****.]
Gold:   8207       SH: 18    Dex:  6    Spells: 42/55 levels left

rFire   + + .        a - +8 demon trident "Rift" {distort, reach+}
rCold   + + .        Z - +0 tower shield of the Bruised Allies {rCorr Int+4}
rNeg    + + .        D - +3 gold dragon scales
rPois   ∞            l - +1 hat {Stlth+}
rElec   +            O - scarf {rC+ rF+}
rCorr   +            r - +0 pair of gloves "Ufih" {Fly Will++}
SInv    .            y - +4 pair of boots of Charity {Will+ rCorr}
Will    +++++        h - amulet of the Fool {rN+ Regen+ Int+10 Dex-5} Stlth
                     o - +6 ring of intelligence
HPRegen 1.29/turn    Q - +6 ring of strength
MPRegen 0.27/turn

%: no passive effects
@: flying, studying 2 skills
A: sickness immunity, AC +20, big wings, negative energy resistance 1,
electricity resistance, torment resistance 1, petrification resistance, beak,
deformed body, deterioration 2, weak 1, inability to drink after injury 1,
inability to read after injury 1
0: Orb of Zot
}: 3/15 runes: decaying, silver, gossamer
a: Renounce Religion, Heroism, Finesse, Duel


You escaped.
You worshipped Okawaru.
Okawaru was extremely pleased with you.
You visited 13 branches of the dungeon, and saw 57 of its levels.
You visited the Abyss 3 times.
You also visited: Bailey and Gauntlet.

You collected 10726 gold pieces.
You spent 2519 gold pieces at shops.

Inventory:

Hand Weapons
 a - the +8 demon trident "Rift" (weapon) {distort, reach+}
   (You found it on level 11 of the Dungeon)
Missiles
 N - a throwing net
Armour
 l - a +1 hat of stealth (worn)
 r - the +0 pair of gloves "Ufih" (worn) {Fly Will++}
   (Okawaru gifted it to you on level 4 of the Vaults)

   Fly:       It grants you flight.
   Will:      It greatly increases your willpower.
 y - the +4 pair of boots of Charity (worn) {Will+ rCorr}
   (You found it on level 3 of the Elven Halls)

   rCorr:     It protects you from acid and corrosion.
   Will:      It increases your willpower.
 D - +3 gold dragon scales (worn)
 O - a scarf of resistance (worn)
 Z - the +0 tower shield of the Bruised Allies (worn) {rCorr Int+4}
   (You found it on level 3 of the Crypt)

   Int:       It affects your intelligence (+4).
   rCorr:     It protects you from acid and corrosion.
Jewellery
 c - a ring of see invisible
 h - the amulet of the Fool (around neck) {rN+ Regen+ Int+10 Dex-5}
   (You found it in a Gauntlet)

   [amulet of regeneration]

   Int:       It affects your intelligence (+10).
   Dex:       It affects your dexterity (-5).
   rN:        It protects you from negative energy.
   Regen:     It increases your rate of health regeneration.
 o - a +6 ring of intelligence (left hand)
 q - an amulet of guardian spirit
 C - a ring of wizardry
 Q - a +6 ring of strength (right hand)
 S - a ring of willpower
 W - a ring of willpower
 X - the amulet of Siott {Regen+ rCorr Dex+3}
   (You found it on level 3 of the Crypt)

   [amulet of regeneration]

   Dex:       It affects your dexterity (+3).
   Regen:     It increases your rate of health regeneration.
   rCorr:     It protects you from acid and corrosion.
 Y - the ring "Ynlahabo" {+Blink rC+++ Will- rCorr Str-5}
   (You found it on level 11 of the Dungeon)

   [ring of resist corrosion]

   Str:       It affects your strength (-5).
   rC:        It renders you almost immune to cold.
   +Blink:    It lets you blink.
   rCorr:     It protects you from acid and corrosion.
   Will:      It decreases your willpower.
Wands
 b - a wand of paralysis (46)
 e - a wand of mindburst (19)
 g - a wand of acid (44)
 v - a wand of roots (80)
 w - a wand of polymorph (46)
 E - a wand of flame (70)
 T - a wand of digging (20)
Scrolls
 d - 43 scrolls of identify
 f - 6 scrolls of immolation
 i - 3 scrolls of silence
 j - 5 scrolls of noise
 k - 5 scrolls of amnesia
 m - 10 scrolls of fog
 s - 7 scrolls of fear
 B - 5 scrolls of poison
 H - 3 scrolls of magic mapping
 I - 11 scrolls of enchant weapon
 J - 8 scrolls of brand weapon
 P - 6 scrolls of vulnerability
Potions
 n - 6 potions of magic
 p - 5 potions of invisibility
 t - 10 potions of brilliance
 x - 7 potions of mutation
 z - 10 potions of degeneration
 A - 7 potions of lignification
 F - 7 potions of might
 G - 5 potions of resistance
 K - 12 potions of attraction
 L - 7 potions of flight
 M - 8 potions of ambrosia
 U - 5 potions of berserk rage
 V - 4 potions of cancellation


   Skills:
 + Level 19.2 Fighting
 - Level 9.7 Maces & Flails
 * Level 23.9 Polearms
 + Level 19.3 Armour
 + Level 13.6 Dodging
 - Level 6.3 Stealth
 + Level 19.3 Shields
 + Level 14.9 Spellcasting
 * Level 10.2 Conjurations
 - Level 8.4 Necromancy
 + Level 19.1 Earth Magic
 - Level 16.9 Invocations


You had 42 spell levels left.
You knew the following spells:

 Your Spells              Type           Power      Damage    Failure   Level
a - Wereblood             Tmut           23%        N/A       36%         2
b - Borgnjor's Vile Clut  Necr/Erth      41%        N/A       2%          5
c - Iron Shot             Conj/Erth      42%        9d8       9%          6

Your spell library contained the following spells:

 Spells                   Type           Power      Damage    Failure   Level
 Kiss of Death            Conj/Necr      100%       2d13      1%          1
 Magic Dart               Conj           100%       1d8       1%          1
 Necrotise                Necr           100%       1d9       1%          1
 Stone Arrow              Conj/Erth      100%       3d13      1%          3
 Vampiric Draining        Necr           66%        2d10      2%          3
 Foxfire                  Conj/Fire      100%       2x1d9     3%          1
 Shock                    Conj/Air       100%       1d9       3%          1
 Static Discharge         Conj/Air       100%       2-7/arc   4%          2
 Leda's Liquefaction      Hex/Erth       35%        N/A       4%          4
 Dispel Undead            Necr           66%        3d23      8%          4
 Dazzling Flash           Conj/Hex       100%       N/A       9%          3
 Hailstorm                Conj/Ice       53%        3d12      9%          3
 Iskenderun's Battlesphe  Conj           72%        2d12      10%         5
 Mephitic Cloud           Conj/Pois/Air  44%        N/A       19%         3
 Agony                    Necr           66%        N/A       22%         5
 Freeze                   Ice            92%        1d9       26%         1
 Slow                     Hex            92%        N/A       26%         1
 Sting                    Tmut/Pois      92%        1d7       26%         1
 Flame Wave               Conj/Fire      53%        2d13      30%         4
 Fulminant Prism          Conj/Hex       26%        3d14      30%         4
 Sticky Flame             Conj/Fire      53%        2d7       30%         4
 Ensorcelled Hibernation  Hex/Ice        46%        N/A       36%         2
 Poisonous Vapours        Pois/Air       46%        N/A       36%         2
 Anguish                  Hex/Necr       24%        N/A       41%         4
 Confusing Touch          Hex            23%        N/A       58%         3
 Frozen Ramparts          Ice            46%        1d7       58%         3
 Ignite Poison            Fire/Tmut/Pois 23%        N/A       58%         3
 Inner Flame              Hex/Fire       23%        N/A       58%         3
 Ozocubu's Armour         Ice            23%        N/A       58%         3
 Portal Projectile        Hex/Tloc       46%        N/A       58%         3
 Spider Form              Tmut/Pois      23%        N/A       58%         3
 Swiftness                Air            23%        N/A       58%         3
 Vhi's Electric Charge    Tloc/Air       46%        N/A       58%         3
 Arcjolt                  Conj/Air       26%        1d36      63%         5
 Fireball                 Conj/Fire      26%        3d12      63%         5
 Irradiate                Conj/Tmut      26%        3d20      63%         5
 Airstrike                Air            11%        2d(2-18)  94%         4
 Cause Fear               Hex            11%        N/A       94%         4
 Ice Form                 Ice/Tmut       23%        N/A       94%         4
 Olgreb's Toxic Radiance  Pois           23%        N/A       94%         4
 Orb of Destruction       Conj           36%        9d11      97%         7
 Lehudib's Crystal Spear  Conj/Erth      42%        10d10     98%         8
 Conjure Ball Lightning   Conj/Air       26%        3x3d7     99%         6
 Starburst                Conj/Fire      26%        6d8       99%         6
 Alistair's Intoxication  Tmut/Pois      15%        N/A       100%        5
 Blade Hands              Tmut           11%        N/A       100%        5
 Metabolic Englaciation   Hex/Ice        11%        N/A       100%        5
 Silence                  Hex/Air        11%        N/A       100%        5
 Yara's Violent Unravell  Hex/Tmut       11%        3d6       100%        5
 Eringya's Noxious Bog    Tmut/Pois      11%        N/A       100%        6
 Plasma Beam              Fire/Air       11%        2x1d24    100%        6
 Enfeeble                 Hex            11%        N/A       100%        7
 Ozocubu's Refrigeration  Ice            11%        4d10      100%        7
 Storm Form               Tmut/Air       11%        N/A       100%        7
 Borgnjor's Revivificati  Necr           33%        N/A       100%        8
 Discord                  Hex            11%        N/A       100%        8
 Disjunction              Tloc           11%        N/A       100%        8
 Maxwell's Capacitive Co  Air            11%        ∞         100%        8
 Necromutation            Tmut/Necr      24%        N/A       100%        8
 Death's Door             Necr           33%        N/A       100%        9
 Animate Armour           Summ/Erth      Unusable   N/A       N/A         4
 Call Imp                 Summ           Unusable   N/A       N/A         2
 Call Canine Familiar     Summ           Unusable   N/A       N/A         3
 Summon Ice Beast         Ice/Summ       Unusable   N/A       N/A         4
 Summon Lightning Spire   Summ/Air       Unusable   N/A       N/A         4
 Summon Mana Viper        Hex/Summ       Unusable   N/A       N/A         5
 Simulacrum               Ice/Necr       Unusable   N/A       N/A         6
 Monstrous Menagerie      Summ           Unusable   N/A       N/A         7
 Spellforged Servitor     Conj/Summ      Unusable   N/A       N/A         7

Dungeon Overview and Level Annotations

Branches:
Dungeon (15/15)            Temple (1/1) D:7            Lair (5/5) D:9
  Swamp (4/4) Lair:3       Spider (4/4) Lair:3        Slime (5/5) Lair:4
    Orc (2/2) D:9             Elf (3/3) Orc:2        Vaults (5/5) D:14
  Crypt (3/3) Vaults:2       Tomb (1/3) Crypt:3      Depths (4/4) D:15
    Zot (5/5) Depths:4     Bailey (visited)         Gauntlet (visited)

Altars:
Ashenzari
Cheibriados
Dithmenos
Elyvilon
Fedhas
Gozag
Hepliaklqana
Kikubaaqudgha
Makhleb
Nemelex Xobeh
Okawaru
Qazlal
Ru
Sif Muna
Trog
Uskayaw
Vehumet
Wu Jian
Xom
Yredelemnul
Zin
The Shining One
Jiyva

Shops:
D:10 (   D:12 (   Orc:1 :   Orc:2 :*(   Elf:1 :   Elf:2 !   Elf:3 (
Vaults:1 =   Depths:3 (   Depths:4 *

Portals:
Hell: Depths:1 Depths:2 Depths:3 Depths:4
Abyss: Depths:3 Depths:4
Pandemonium: Depths:1 Depths:2 Depths:4
Ziggurat: Depths:3

Annotations:
D:10 exclusion: upstairs
Vaults:1 exclusion: 2 doors
Depths:3 exclusions: angel, daeva, downstairs and 2 more exclusions
Abyss:1 Aizul; Arachne; Bai Suzhen; Fannar; Iptoecus's ghost, adept TeFE; Kirke; Roxanne; Royal Jelly; Winter's ghost, journeyman MiFi


Innate Abilities, Weirdness & Mutations

You are immune to sickness and miasma.
Your stone body is resilient. (AC +20)
You are immune to poison.
Your large and strong wings let you fly.
You resist negative energy. (rN+)
You are resistant to electric shocks. (rElec)
You are resistant to unholy torment.
You are immune to petrification.
You have a beak for a mouth.
Armour fits poorly on your strangely shaped body.
Your body often deteriorates upon taking damage.
You are weak. (Str -2)
You occasionally lose the ability to drink potions when taking damage.
You occasionally lose the ability to read scrolls when taking damage.


Message History

You fly upwards.
There is a stone staircase leading down here.
(D) Dungeon (T) Temple (L) Lair (S) Swamp (N) Spider Nest (M) Slime Pits (O) Orcish Mines (E) Elven Halls (V) Vaults (C) Crypt (W) Tomb (U) Depths (H) Hell (Z) Zot
Where to? (Enter - D:3, ? - help)
There is a stone staircase leading up here.
You fly upwards.
There is a stone staircase leading down here.
(D) Dungeon (T) Temple (L) Lair (S) Swamp (N) Spider Nest (M) Slime Pits (O) Orcish Mines (E) Elven Halls (V) Vaults (C) Crypt (W) Tomb (U) Depths (H) Hell (Z) Zot
Where to? (Enter - D:2, ? - help)
There is an open door here.
There is an open door here.
There is a stone staircase leading up here.
You fly upwards.
There is a stone staircase leading down here.
(D) Dungeon (T) Temple (L) Lair (S) Swamp (N) Spider Nest (M) Slime Pits (O) Orcish Mines (E) Elven Halls (V) Vaults (C) Crypt (W) Tomb (U) Depths (H) Hell (Z) Zot
Where to? (Enter - D:1, ? - help)
Okay, then.
Aiming: Dig
Press: ? - help, Shift-Dir - straight line A rock wall.
This square is covered in magical glow.
The rock shatters into small pieces.
(D) Dungeon (T) Temple (L) Lair (S) Swamp (N) Spider Nest (M) Slime Pits (O) Orcish Mines (E) Elven Halls (V) Vaults (C) Crypt (W) Tomb (U) Depths (H) Hell (Z) Zot
Where to? (Enter - D:1, ? - help)
Okay, then.
There is an open door here.
There is a staircase leading out of the dungeon here.
You have escaped!

##.##.##..#####.#
#########...#.##..# #.#
......##......##..# #.#
#####.......####### #.#
#...(...######## #.#
#####........'.....# #.#
...###..(....#..#..####.## ...#
###'###.#..#..##....# ##### #..#
#......#..@..#####.# #....
#..####..8...#.....# #.# #.###
#....##......###########.# #.#..
####.#######.########.##.####.#.#
#....'.........'..............)..
#.####.........##.#...##.####.#.#
#.# ##.......###.##..##.# #.#.#
..# ##.>...## #........# #.#.#
### #####..>## #####.#### #....


There were no monsters in sight!

Vanquished Creatures
  2 pandemonium lords (D:14)
  4 ancient liches
  A dread lich (Vaults:5)
  An orb of fire (Zot:5)
  Mara (Vaults:3)
  A juggernaut (Depths:2)
  A royal mummy (Crypt:3)
  Boris (Crypt:3)
  5 Killer Klowns
  Saint Roka (Vaults:4)
  6 caustic shrikes
  A curse toe (Zot:4)
  12 golden dragons
  Nikola (Elf:2)
  3 profane servitors
  15 tentacled monstrosities
  2 electric golems
  A Hell Sentinel (D:14)
  21 Orb Guardians
  A lich (Depths:2)
  Mlioglotl (Swamp:4)
  Zenata (Elf:2)
  Rupert (Spider:1)
  A titan (Vaults:5)
  A walking earthen tome (Depths:3)
  5 deep elf blademasters
  3 quicksilver dragons
  17 acid blobs
  6 death cobs
  A walking frostbound tome (Depths:2)
  7 ancient champions
  6 deep elf master archers (Elf:3)
  Gastronok (D:11)
  3 sphinxes
  Agnes (D:14)
  2 tentacled starspawn (Abyss:3)
  14 storm dragons
  5 tengu reavers
  4 draconian monks
  10 azure jellies
  6 revenants
  7 rockslimes
  4 frost giants
  10 shadow dragons
  11 fire giants
  3 draconian knights
  A fenstrider witch (shapeshifter) (Vaults:3)
  2 balrugs
  3 emperor scorpions
  12 vault wardens
  3 iron dragons
  6 draconian shifters
  9 ghost moths
  4 curse skulls
  4 orc warlords
  Louise (Spider:2)
  5 deep elf sorcerers
  The ghost of morax the Protected, a journeyman AtFi of Gozag (D:13)
  2 draconian stormcallers
  4 deep elf elementalists (Elf:3)
  4 ghouls
  8 stone giants
  2 spriggan defenders (Depths:2)
  6 draconian annihilators
  14 ironbound preservers
  A stone giant (shapeshifter) (Vaults:5)
  26 very ugly things
  8 ironbound thunderhulks
  4 broodmothers
  5 quicksilver oozes
  4 vampire knights
  A juggernaut skeleton (Crypt:3)
  3 eleionomae
  2 war gargoyles
  16 purple draconians
  9 white draconians
  4 deep elf demonologists
  8 black draconians
  4 bunyips
  A minotaur (shapeshifter) (Vaults:1)
  12 green draconians
  3 deep elf annihilators
  6 red draconians
  A minotaur (Gauntlet)
  9 deep elf death magi
  8 dire elephants
  10 spark wasps
  8 yellow draconians
  3 eidola
  Snorg (Abyss:3)
  Azrael (Elf:1)
  10 ettins
  4 fire dragons
  A green death (Depths:1)
  2 shambling mangroves (Swamp:4)
  14 yaktaur captains
  6 deep elf high priests
  An elf zombie (Crypt:3)
  10 ice dragons
  7 entropy weavers
  33 vault guards
  9 great orbs of eyes
  2 rakshasas
  9 jiangshi
  20 hydras
  A quicksilver dragon skeleton (Crypt:1)
  4 jorogumos
  2 ghost crabs (Swamp:3)
  9 ironbound frosthearts
  2 peacekeepers
  7 centaur warriors
  4 spriggan air magi
  2 ogre magi
  The ghost of qborf the Destroyer, a journeyman OpCj of Gozag (D:11)
  7 boulder beetles
  A catoblepas (D:14)
  A satyr (shapeshifter) (Vaults:5)
  9 two-headed ogres
  7 alligators
  4 death knights
  27 dancing weapons
  The ghost of caveywoolpert the Thaumaturge, a journeyman DEEE of Vehumet (Lair:1)
  4 deep troll shamans
  An orc high priest (Orc:2)
  3 vampire magi
  5 death scarabs (Spider:4)
  7 deep troll earth magi
  A death yak (Lair:2)
  A thrashing horror (Abyss:3)
  A spectral emperor scorpion (Spider:4)
  6 tengu warriors
  5 spriggan berserkers
  Nergalle (D:12)
  Sonja (D:10)
  10 hell knights (Depths:2)
  6 iron trolls
  5 goliath frogs
  20 deep elf knights
  14 skeletal warriors
  3 sun demons
  2 salamander mystics (Depths:2)
  An emperor scorpion zombie (Abyss:4)
  A skyshark (Lair:5)
  A wretched star (Abyss:3)
  2 shadow wraiths (Crypt:3)
  A fire crab (shapeshifter) (Elf:3)
  4 flayed ghosts
  13 pharaoh ants
  64 deep trolls
  14 orb spiders
  7 swamp dragons
  15 deep elf archers
  A glowing orange brain (Depths:4)
  4 steelbarb worms
  8 phantasmal warriors
  A tengu zombie (Vaults:5)
  4 spriggan druids
  A shadow dragon zombie (Depths:2)
  A bunyip skeleton (Crypt:3)
  8 wizards
  12 ironbound convokers
  A broodmother zombie (Spider:4)
  15 lindwurms
  A wolf spider zombie (Spider:4)
  A jorogumo zombie (Crypt:3)
  A spectral wolf spider (Spider:4)
  22 deep elf zephyrmancers
  18 orc knights
  2 salamanders (shapeshifter)
  4 cyclopes
  5 orc sorcerers
  37 ugly things
  A shining eye (shapeshifter) (Depths:2)
  2 will-o-the-wisps
  A manticore (D:13)
  21 wolf spiders
  5 salamanders (Depths:2)
  A shining eye (Slime:1)
  29 deep elf pyromancers
  A fire giant zombie (Depths:2)
  6 necromancers
  29 moths of wrath
  A cyclops (shapeshifter) (Vaults:5)
  2 tengu skeletons
  A fire giant skeleton (Vaults:2)
  4 black mambas
  A dire elephant zombie (Crypt:3)
  An apocalypse crab (Abyss:3)
  An eye of devastation (Slime:4)
  10 elephants
  4 torpor snails
  8 demonic crawlers
  2 smoke demons
  A black mamba (shapeshifter) (D:14)
  4 cane toads
  A frost giant skeleton (Crypt:2)
  16 vault sentinels
  Maggie (Lair:1)
  Joseph (D:7)
  A centaur skeleton (Crypt:1)
  2 gargoyles
  2 yaktaur zombies
  A white draconian zombie (Crypt:2)
  A black draconian zombie (Crypt:3)
  3 unseen horrors (Depths:4)
  30 yaktaurs
  7 rime drakes
  A yaktaur (shapeshifter) (D:15)
  3 spectral redbacks (Spider:4)
  A bunyip simulacrum (Crypt:3)
  A pale draconian zombie (Crypt:3)
  An ice devil (D:5)
  8 komodo dragons
  An efreet (D:15)
  A redback zombie (Spider:4)
  2 kobold demonologists (D:13)
  A pale draconian skeleton (Crypt:3)
  7 freezing wraiths
  13 tyrant leeches
  6 guardian mummies
  A meliai (shapeshifter) (Depths:2)
  6 meliai
  2 red devils
  5 trolls
  Prince Ribbit (D:8)
  2 spectral culicivoras (Spider:4)
  28 tarantellas
  A bloated husk (Swamp:1)
  18 blink frogs
  A hellwing (Depths:1)
  6 polar bears
  13 dream sheep
  15 hornets
  2 spectral jumping spiders (Spider:4)
  3 spectral tarantellas (Spider:4)
  A blink frog (shapeshifter) (Vaults:2)
  2 culicivora zombies (Spider:4)
  A hydra skeleton (Crypt:1)
  2 tarantella zombies (Spider:4)
  An ettin zombie (Vaults:2)
  40 jumping spiders
  An air elemental (Elf:2)
  A shadow (D:10)
  A spriggan (shapeshifter) (D:15)
  7 vampires
  A centaur simulacrum (Crypt:1)
  A ynoxinul (D:14)
  26 culicivoras
  18 spriggans
  10 wraiths
  94 slime creatures
  21 yaks
  4 water elementals
  9 wyverns
  6 fire elementals
  4 hogs (Lair:5)
  5 basilisks
  5 golden eyes
  3 chaos spawn
  A neqoxec (Abyss:4)
  19 vampire mosquitoes
  4 starcursed masses (Abyss:3)
  A hog (shapeshifter) (Vaults:5)
  72 redbacks
  3 steam dragons
  An elf skeleton (Vaults:5)
  4 wargs
  Menkaure (D:7)
  13 swamp worms
  13 water moccasins
  2 acid dragons (D:14)
  3 floating eyes
  5 hell hounds
  12 large abominations
  A merfolk skeleton (Crypt:3)
  14 swamp drakes
  5 small abominations
  38 orc warriors
  5 black bears
  2 ice beasts (D:6)
  2 sky beasts
  A dream sheep zombie (Crypt:1)
  3 human zombies
  12 ogres
  5 boggarts
  6 centaurs
  A lindwurm skeleton (Crypt:3)
  21 wolves
  5 kobold brigands
  A draconian zombie (Crypt:2)
  11 bullfrogs
  A necrophage (Crypt:1)
  5 earth elementals
  5 scorpions
  A yaktaur skeleton (Crypt:2)
  A gnoll sergeant (D:8)
  A naga simulacrum (Crypt:1)
  A salamander skeleton (Crypt:2)
  11 wights
  A queen bee zombie (Crypt:1)
  A cyclops skeleton (Crypt:2)
  A raiju skeleton (Crypt:1)
  9 vampire bats
  11 killer bees
  7 wolf zombies (Bailey)
  An electric eel (Lair:3)
  8 howler monkeys
  2 basilisk zombies
  A bullfrog zombie (Crypt:3)
  4 crimson imps
  A quasit (Abyss:3)
  A hound (D:7)
  2 jellies (D:6)
  25 orc priests
  Crazy Yiuf (D:7)
  Natasha (thrice) (D:2)
  2 iguanas
  18 orc wizards
  6 hell rats (Lair:5)
  8 mummies
  Robin (D:2)
  6 gnolls
  5 adders
  21 orc zombies (Bailey)
  A shadow imp (D:5)
  2 ufetubi (D:6)
  A worm (D:3)
  6 dart slugs
  3 fire bats (D:5)
  77 orcs
  2 spectral bats (D:5)
  6 ball pythons
  3 bat skeletons (D:5)
  2 bat zombies
  5 endoplasms
  5 giant cockroaches
  25 goblins
  10 hobgoblins
  2 quokkas (D:3)
  15 bats
  A bat simulacrum (D:5)
  An endoplasm zombie (Crypt:3)
  3 frilled lizards
  A jackal zombie (Crypt:2)
  20 kobolds
  6 rats
  2 starspawn tentacles (Abyss:3)
2318 creatures vanquished.

Vanquished Creatures (others)
  A bone dragon (Abyss:4)
  A red draconian (Depths:4)
  An ogre mage (Vaults:5)
  A dancing weapon (Elf:2)
  4 deep elf knights
  A deep elf pyromancer (Elf:3)
  A ynoxinul (Abyss:4)
  An orc wizard (Vaults:4)
  An ufetubus (Abyss:4)
  An orc (Vaults:4)
  A demonic plant (Gauntlet)
  6 foxfires
  44 fungi
  A lurking horror (Abyss:3)
  87 plants
  3 starspawn tentacles (Abyss:3)
155 creatures vanquished.

Grand Total: 2473 creatures vanquished

Notes
Turn   | Place    | Note
-------+----------+-------------------------------------------
     0 | D:1      | morax the Gargoyle Fighter began the quest for the Orb.
     0 | D:1      | Reached XP level 1. HP: 14/14 MP: 1/1
   254 | D:1      | Reached XP level 2. HP: 19/19 MP: 2/2
   419 | D:1      | Found a faded altar of an unknown god.
   702 | D:1      | Got Sif Muna's Compilation of Moulding
   759 | D:1      | Reached XP level 3. HP: 21/23 MP: 3/3
  1054 | D:2      | Reached XP level 4. HP: 24/29 MP: 4/4
  1111 | D:2      | Noticed Natasha
  1118 | D:2      | Killed Natasha
  1255 | D:2      | Noticed Natasha
  1266 | D:2      | Killed Natasha
  1267 | D:2      | Reached XP level 5. HP: 26/33 MP: 2/5
  1612 | D:2      | Noticed Robin
  2061 | D:3      | Noticed an ogre
  2096 | D:4      | Gained mutation: Your magical capacity is low. (-10% MP)
                  | [potion of mutation]
  2096 | D:4      | Gained mutation: You have hidden genetic potential. [potion
                  | of mutation]
  2637 | D:5      | Entered Level 5 of the Dungeon
  2652 | D:5      | Reached XP level 6. HP: 36/39 MP: 5/5
  2749 | D:5      | Found an opulent altar of Gozag.
  2864 | D:5      | Found a sacrificial altar of Ru.
  3028 | D:5      | Gained mutation: Your flesh is heat resistant. (rF+)
                  | [hidden potential]
  3086 | D:5      | Reached skill level 5 in Armour
  3227 | D:5      | Reached skill level 5 in Fighting
  3227 | D:5      | Reached skill level 5 in Shields
  3540 | D:5      | Reached XP level 7. HP: 31/44 MP: 4/6
  3772 | D:5      | Gained mutation: Your flesh is cold resistant. (rC+)
                  | [hidden potential]
  3772 | D:5      | Lost mutation: You have hidden genetic potential. [hidden
                  | potential expressed]
  4265 | D:2      | Killed Robin
  4535 | D:2      | Noticed Natasha
  4548 | D:2      | Killed Natasha
  4701 | D:6      | Reached XP level 8. HP: 51/51 MP: 7/7
  4950 | D:6      | Reached skill level 5 in Maces & Flails
  5878 | D:7      | Noticed a wyvern
  5886 | D:7      | Killed a wyvern
  5887 | D:7      | Reached XP level 9. HP: 46/56 MP: 2/8
  6069 | D:7      | Identified the +3 ring mail of Autumn {rElec rPois rC+
                  | rCorr}
  6669 | D:7      | Noticed Menkaure
  6670 | D:7      | Found a staircase to the Ecumenical Temple.
  6678 | D:7      | Killed Menkaure
  6683 | Temple   | Entered the Ecumenical Temple
  7179 | Temple   | Became a worshipper of Warmaster Okawaru
  7309 | D:7      | Noticed Joseph
  7317 | D:7      | Killed Joseph
  7318 | D:7      | Reached skill level 1 in Invocations
  7456 | D:7      | Found a runed translucent door.
  7457 | D:7      | Noticed Crazy Yiuf
  8208 | D:8      | Reached * piety under Okawaru
  8551 | D:8      | Reached XP level 10. HP: 64/64 MP: 8/11
  8719 | D:8      | Noticed Prince Ribbit
  8809 | D:8      | Killed Prince Ribbit
  9155 | D:8      | Reached ** piety under Okawaru
  9438 | D:9      | Found a flagged portal.
  9452 | Bailey   | Entered a bailey
  9916 | Bailey   | Identified the +9 long sword "Agreascho" {drain, rPois
                  | Int+2 Dex+5}
 10066 | Bailey   | Noticed a gargoyle
 10083 | Bailey   | Killed a gargoyle
 10276 | Bailey   | Reached skill level 5 in Invocations
 10753 | Bailey   | Identified the +5 scale mail of the Five Towns {Drain rC++
                  | Dex+3 Stlth+}
 10977 | D:9      | Reached *** piety under Okawaru
 11155 | D:9      | Learned a level 5 spell: Borgnjor's Vile Clutch
 11442 | D:9      | Found a staircase to the Orcish Mines.
 11651 | D:9      | Reached skill level 1 in Earth Magic
 11651 | D:9      | Reached XP level 11. HP: 65/69 MP: 0/13
 11810 | D:9      | Found a staircase to the Lair.
 11973 | D:9      | Reached **** piety under Okawaru
 11974 | D:9      | Reached skill level 1 in Spellcasting
 12033 | D:10     | Entered Level 10 of the Dungeon
 12033 | D:10     | Noticed Sonja
 12048 | D:10     | Killed Sonja
 12049 | D:10     | Reached skill level 1 in Necromancy
 12106 | D:10     | Noticed a two-headed ogre
 12274 | D:10     | Noticed an ogre mage
 12275 | D:10     | Noticed an orc knight
 12282 | D:10     | Noticed a tengu warrior
 12341 | D:10     | Noticed a two-headed ogre
 12350 | D:10     | Killed a two-headed ogre
 12503 | D:10     | Found Ebimuyda's Antique Weapon Shop.
 12507 | D:10     | Bought a glowing mace for 108 gold pieces
 13271 | D:10     | Killed a two-headed ogre
 13341 | D:11     | Noticed Gastronok
 13360 | D:11     | Killed Gastronok
 13360 | D:11     | Reached ***** piety under Okawaru
 13823 | D:11     | Found the +8 demon trident "Rift" {distort, reach+}
 13828 | D:11     | Noticed a two-headed ogre
 13829 | D:11     | Noticed a two-headed ogre
 13842 | D:11     | Killed a two-headed ogre
 13848 | D:11     | Killed a two-headed ogre
 13990 | D:11     | Found a large runed translucent door.
 13990 | D:11     | Found a large runed translucent door.
 13992 | D:11     | Noticed qborf's ghost (journeyman OpCj)
 14098 | D:11     | Noticed a cyclops
 14099 | D:11     | Noticed Snorg
 14218 | Lair:1   | Entered Level 1 of the Lair of Beasts
 14218 | Lair:1   | Noticed Maggie
 14227 | Lair:1   | Found a runed translucent gate.
 14227 | Lair:1   | Found a runed translucent gate.
 14227 | Lair:1   | Found a runed translucent gate.
 14321 | Lair:1   | Reached skill level 1 in Polearms
 14326 | Lair:1   | Reached skill level 2 in Polearms
 14346 | Lair:1   | Reached skill level 3 in Polearms
 14376 | Lair:1   | Reached XP level 12. HP: 61/76 MP: 3/15
 14469 | Lair:1   | Reached skill level 4 in Polearms
 14496 | Lair:1   | Reached skill level 5 in Polearms
 14684 | Lair:1   | Found a gate leading to a gauntlet.
 14696 | Gauntlet | Entered a Gauntlet
 14696 | Gauntlet | Found a transporter.
 14696 | Gauntlet | Found a transporter.
 14696 | Gauntlet | Found a transporter.
 14713 | Gauntlet | Found a transporter.
 14716 | Gauntlet | Found a transporter.
 14718 | Gauntlet | Noticed a death scarab
 14724 | Gauntlet | Found a transporter.
 14727 | Gauntlet | Found a transporter.
 14739 | Gauntlet | Found a transporter.
 14751 | Gauntlet | Found a large runed translucent door.
 14752 | Gauntlet | Found a large runed translucent door.
 14753 | Gauntlet | Found a large runed translucent door.
 14754 | Gauntlet | Found a runed translucent gate.
 14755 | Gauntlet | Found a transporter.
 14755 | Gauntlet | Found a runed translucent gate.
 14756 | Gauntlet | Found a runed translucent gate.
 14757 | Gauntlet | Found a large runed translucent door.
 14757 | Gauntlet | Noticed a ghost crab
 14758 | Gauntlet | Found a large runed translucent door.
 14759 | Gauntlet | Found a large runed translucent door.
 14768 | Gauntlet | Found a large runed translucent door.
 14769 | Gauntlet | Found a large runed translucent door.
 14769 | Gauntlet | Found a large runed translucent door.
 14769 | Gauntlet | Found a runed translucent door.
 14770 | Gauntlet | Found a large runed translucent door.
 14771 | Gauntlet | Found a large runed translucent door.
 14773 | Gauntlet | Found a transporter.
 14777 | Gauntlet | Found a transporter.
 14787 | Gauntlet | Found a transporter.
 14839 | Gauntlet | Found a large runed translucent door.
 14840 | Gauntlet | Found a large runed translucent door.
 14841 | Gauntlet | Found a large runed translucent door.
 14841 | Gauntlet | Found a large runed translucent door.
 14841 | Gauntlet | Found a runed translucent door.
 14842 | Gauntlet | Found a large runed translucent door.
 14877 | Gauntlet | Reached skill level 6 in Polearms
 15159 | Gauntlet | Banished a ghost crab
 15168 | Gauntlet | Identified the amulet of the Fool {rN+ Regen+ Int+10 Dex-5}
 15244 | Gauntlet | Noticed a minotaur
 15253 | Gauntlet | Killed a minotaur
 15254 | Gauntlet | Reached skill level 7 in Polearms
 15336 | Lair:1   | Killed Maggie
 15437 | Lair:1   | Noticed caveywoolpert's ghost (journeyman DEEE)
 15483 | Lair:1   | Reached skill level 8 in Polearms
 16126 | Lair:2   | Noticed an eight-headed hydra
 16128 | Lair:2   | Noticed a boulder beetle
 16141 | Lair:2   | Killed an eight-headed hydra
 16142 | Lair:2   | Reached skill level 9 in Polearms
 16164 | Lair:2   | Banished a boulder beetle
 16165 | Lair:2   | Reached skill level 10 in Polearms
 16165 | Lair:2   | Reached XP level 13. HP: 51/80 MP: 0/16
 16356 | Lair:2   | Identified the +0 scale mail of the Sky {Regen+}
 16384 | Lair:2   | Reached ****** piety under Okawaru
 16437 | Lair:2   | Reached skill level 11 in Polearms
 17256 | Lair:2   | Reached skill level 12 in Polearms
 17318 | Lair:2   | Identified the +1 leather armour of Winter {Str+3}
 17680 | Lair:3   | Found a hole to the Spider Nest.
 17706 | Lair:3   | Received a gift from Okawaru
 17899 | Lair:3   | Found a staircase to the Swamp.
 18036 | Lair:3   | Noticed Fannar
 18042 | Lair:3   | Banished Fannar
 18509 | Lair:4   | Reached skill level 13 in Polearms
 18889 | Lair:4   | Found a runed translucent door.
 18890 | Lair:4   | Found a viscous altar of Jiyva.
 19006 | Lair:4   | Noticed an azure jelly
 19006 | Lair:4   | Noticed an azure jelly
 19007 | Lair:4   | Found a staircase to the Slime Pits.
 19007 | Lair:4   | Noticed an azure jelly
 19257 | Lair:5   | Entered Level 5 of the Lair of Beasts
 19511 | Lair:5   | Gained mutation: Your large and strong wings let you fly.
                  | [Gargoyle growth]
 19511 | Lair:5   | Reached XP level 14. HP: 86/86 MP: 15/17
 19535 | Lair:5   | Reached skill level 14 in Polearms
 19611 | Lair:5   | Reached skill level 1 in Stealth
 19774 | Lair:5   | Received a gift from Okawaru
 20022 | Lair:5   | Reached skill level 1 in Dodging
 20381 | Lair:5   | Noticed Kirke
 20396 | Lair:5   | Banished Kirke
 20999 | Lair:5   | Identified the +0 cloak of Okawaru's Inspiration {Int+3}
                  | (Okawaru gifted it to you on level 5 of the Lair of Beasts)
 20999 | Lair:5   | Received a gift from Okawaru
 21260 | Lair:5   | Found a runed translucent door.
 21261 | Lair:5   | Noticed Winter's ghost (journeyman MiFi)
 21267 | Lair:5   | Banished Winter's ghost
 22230 | D:10     | Found Ebimuyda's Antique Weapon Shop.
 22575 | D:10     | Found Ebimuyda's Antique Weapon Shop.
 22583 | D:10     | Banished Snorg
 23527 | D:11     | Killed qborf's ghost
 23532 | D:11     | Identified the ring "Ynlahabo" {+Blink rC+++ Will- rCorr
                  | Str-5}
 23590 | D:12     | You are sucked into a shaft and drop 1 floor!
 23843 | D:13     | Reached skill level 5 in Earth Magic
 24140 | D:13     | Reached XP level 15. HP: 88/92 MP: 15/19
 24377 | D:12     | Found Bema's Weapon Emporium.
 24400 | D:12     | Noticed Nergalle
 24403 | D:12     | Reached skill level 10 in Armour
 24416 | D:12     | Killed Nergalle
 24417 | D:12     | Reached skill level 10 in Fighting
 24417 | D:12     | Reached skill level 10 in Shields
 24462 | D:12     | Received a gift from Okawaru
 25177 | D:12     | Received a gift from Okawaru
 25378 | D:13     | Found a runed translucent gate.
 25378 | D:13     | Found a runed translucent gate.
 25379 | D:13     | Found a runed translucent gate.
 25379 | D:13     | Noticed morax's ghost (journeyman AtFi)
 25440 | D:14     | Noticed Agnes
 25456 | D:14     | Killed Agnes
 25742 | D:14     | Found a broken altar of Ashenzari.
 25753 | D:14     | Found a gate to the Vaults.
 25810 | D:14     | Received a gift from Okawaru
 26268 | D:14     | Reached skill level 5 in Stealth
 26337 | D:14     | Reached skill level 15 in Polearms
 26469 | D:15     | Entered Level 15 of the Dungeon
 27120 | D:15     | Found a staircase to the Depths.
 27368 | Orc:1    | Entered Level 1 of the Orcish Mines
 27546 | Orc:1    | Found Linass's Book Shop.
 27712 | Orc:1    | Reached XP level 16. HP: 82/98 MP: 8/21
 27889 | Orc:1    | Reached skill level 5 in Spellcasting
 28100 | Orc:2    | Entered Level 2 of the Orcish Mines
 28308 | Orc:2    | Reached skill level 10 in Invocations
 28568 | Orc:2    | Learned a level 2 spell: Wereblood
 28820 | Orc:2    | Found a staircase to the Elven Halls.
 29326 | Orc:2    | Received a gift from Okawaru
 29728 | Orc:2    | Paralysed by an orc sorcerer for 3 turns
 30052 | Orc:2    | Found Zugom's Antique Armour Boutique.
 30053 | Orc:2    | Found Ykluamack's Antique Weapon Shop.
 30055 | Orc:2    | Found Nies's General Store.
 30055 | Orc:2    | Found Jets's Book Boutique.
 30071 | Orc:2    | Bought a manual of Invocations for 1120 gold pieces
 30071 | Orc:2    | Bought a book of Power for 588 gold pieces
 30097 | Orc:2    | Learned a level 6 spell: Iron Shot
 30391 | Swamp:1  | Entered Level 1 of the Swamp
 30889 | Swamp:1  | Reached skill level 5 in Necromancy
 31113 | Swamp:1  | Identified the +1 whip of the Lumpy Emperors {freeze, rPois
                  | Int+3 SInv}
 31139 | Swamp:1  | Identified the +6 rapier of Itefril {flame, Int+3}
 31457 | Swamp:2  | Received a gift from Okawaru
 33034 | Swamp:4  | Entered Level 4 of the Swamp
 33050 | Swamp:4  | Received a gift from Okawaru
 33114 | Swamp:4  | Reached XP level 17. HP: 104/104 MP: 16/23
 33118 | Swamp:4  | Noticed Mlioglotl
 33132 | Swamp:4  | Killed Mlioglotl
 33289 | Swamp:4  | Reached skill level 5 in Dodging
 33454 | Swamp:4  | Reached skill level 16 in Polearms
 34082 | Swamp:4  | Got a decaying rune of Zot
 34190 | Spider:1 | Entered Level 1 of the Spider Nest
 34608 | Spider:1 | Found a runed translucent gate.
 34612 | Spider:1 | Found a runed translucent gate.
 34613 | Spider:1 | Found a runed translucent gate.
 34721 | Spider:1 | Identified the +5 chain mail of Light {rElec rF- rC+++
                  | Will+} (Okawaru gifted it to you on level 1 of the Spider
                  | Nest)
 34721 | Spider:1 | Received a gift from Okawaru
 34952 | Spider:1 | Found a runed translucent door.
 35099 | Spider:1 | Noticed Rupert
 35120 | Spider:1 | Killed Rupert
 35333 | Spider:1 | Noticed Iptoecus's ghost (adept TeFE)
 36733 | Spider:2 | Noticed Louise
 36736 | Abyss:3  | Cast into level 3 of the Abyss (Louise)
 36898 | Abyss:3  | Noticed a tentacled starspawn
 36903 | Abyss:3  | Killed a tentacled starspawn
 36910 | Abyss:3  | Noticed a tentacled starspawn
 36920 | Abyss:3  | Killed a tentacled starspawn
 36921 | Abyss:3  | Reached XP level 18. HP: 112/112 MP: 11/25
 36970 | Spider:2 | Escaped the Abyss
 36983 | Spider:2 | Killed Louise
 37672 | Spider:2 | Received a gift from Okawaru
 38107 | Spider:3 | Noticed Asterion
 38584 | Spider:3 | Banished Asterion
 39301 | Spider:3 | Noticed Arachne
 39308 | Spider:3 | Banished Arachne
 41191 | Spider:4 | Entered Level 4 of the Spider Nest
 41293 | Spider:4 | Identified Roxanne's Elucidation of Changes
 41293 | Spider:4 | Noticed Roxanne
 41310 | Spider:4 | Reached skill level 10 in Earth Magic
 41361 | Spider:4 | Banished Roxanne
 41457 | Spider:4 | Lost dexterity.
 42178 | D:13     | Killed morax's ghost
 42222 | D:13     | Identified the +0 long sword of the Puffball {freeze,
                  | Dex+2}
 42732 | Spider:4 | Noticed Bai Suzhen
 42739 | Spider:4 | Banished Bai Suzhen
 42740 | Spider:4 | Reached skill level 17 in Polearms
 42970 | Spider:4 | Reached XP level 19. HP: 90/117 MP: 0/27
 43808 | Spider:4 | Identified the +1 robe of Nitoan {Rampage rPois Stlth+}
                  | (Okawaru gifted it to you on level 4 of the Spider Nest)
 43808 | Spider:4 | Received a gift from Okawaru
 45773 | Spider:4 | Got a gossamer rune of Zot
 46198 | Vaults:1 | Entered Level 1 of the Vaults
 48230 | Vaults:1 | Found Settaike's Jewellery Boutique.
 48287 | Vaults:1 | Gained mutation: You have hidden genetic defects. [a
                  | shining eye]
 48460 | Vaults:1 | Reached skill level 15 in Invocations
 48624 | Vaults:1 | Identified the +2 demon trident "Wataynib" {flame, Dex+4}
                  | (Okawaru gifted it to you on level 1 of the Vaults)
 48624 | Vaults:1 | Received a gift from Okawaru
 48893 | Vaults:1 | Reached XP level 20. HP: 117/124 MP: 19/29
 49246 | Vaults:2 | Gained mutation: You are weak. (Str -2) [hidden defects]
 49919 | Vaults:2 | Identified the +1 pair of gloves of the King {rElec Str+2}
                  | (Okawaru gifted it to you on level 2 of the Vaults)
 49919 | Vaults:2 | Received a gift from Okawaru
 50040 | Vaults:2 | Found a staircase to the Crypt.
 50040 | Vaults:2 | Found a basalt altar of Yredelemnul.
 50041 | Vaults:2 | Found an ancient bone altar of Kikubaaqudgha.
 50214 | Vaults:2 | an acid blob changed into an iron giant
 50214 | Vaults:2 | Noticed an iron giant (glowing shapeshifter)
 50217 | Vaults:2 | an iron giant changed into an iron dragon
 50223 | Vaults:2 | an iron dragon changed into a caustic shrike
 50223 | Vaults:2 | Noticed a caustic shrike (glowing shapeshifter)
 50224 | Vaults:2 | a caustic shrike changed into an iron giant
 50224 | Vaults:2 | Noticed an iron giant (glowing shapeshifter)
 50364 | Vaults:2 | Identified the +10 scale mail of a bailey {rPois rCorr
                  | Str+4}
 50432 | Vaults:2 | Gained mutation: You are clumsy. (Dex -2) [hidden defects]
 50432 | Vaults:2 | Lost mutation: You have hidden genetic defects. [hidden
                  | defects expressed]
 50521 | Vaults:2 | Lost mutation: Your flesh is cold resistant. (rC+) [potion
                  | of mutation]
 50521 | Vaults:2 | Lost mutation: Your flesh is heat resistant. (rF+) [potion
                  | of mutation]
 50521 | Vaults:2 | Lost mutation: Your magical capacity is low. (-10% MP)
                  | [potion of mutation]
 50521 | Vaults:2 | Gained mutation: You have a pair of small horns on your
                  | head. [potion of mutation]
 50521 | Vaults:2 | Gained mutation: You are robust. (+10% HP) [potion of
                  | mutation]
 50521 | Vaults:2 | Lost dexterity.
 50521 | Vaults:2 | Gained mutation: You are very clumsy. (Dex -4) [potion of
                  | mutation]
 50524 | Vaults:2 | Lost mutation: You have a pair of small horns on your head.
                  | [potion of mutation]
 50524 | Vaults:2 | Lost mutation: You are very clumsy. (Dex -4) [potion of
                  | mutation]
 50524 | Vaults:2 | Gained mutation: You passively map a small area around you.
                  | [potion of mutation]
 50524 | Vaults:2 | Gained mutation: You occasionally lose the ability to drink
                  | potions when taking damage. [potion of mutation]
 50525 | Vaults:2 | Lost mutation: You are weak. (Str -2) [potion of mutation]
 50525 | Vaults:2 | Lost mutation: You are robust. (+10% HP) [potion of
                  | mutation]
 50525 | Vaults:2 | Gained mutation: Your muscles are strong. (Str +4, Int/Dex
                  | -1) [potion of mutation]
 50525 | Vaults:2 | Gained mutation: Your spells are a little harder to cast,
                  | but a little more powerful. [potion of mutation]
 50526 | Vaults:2 | Lost mutation: You occasionally lose the ability to drink
                  | potions when taking damage. [potion of mutation]
 50526 | Vaults:2 | Lost mutation: Your muscles are strong. (Str +4, Int/Dex
                  | -1) [potion of mutation]
 50526 | Vaults:2 | Lost mutation: You passively map a small area around you.
                  | [potion of mutation]
 50526 | Vaults:2 | Lost mutation: You are clumsy. (Dex -2) [potion of
                  | mutation]
 50526 | Vaults:2 | Gained mutation: You are weak. (Str -2) [potion of
                  | mutation]
 50526 | Vaults:2 | Gained mutation: You passively dampen the noise of your
                  | surroundings. [potion of mutation]
 50527 | Vaults:2 | Lost mutation: Your spells are a little harder to cast, but
                  | a little more powerful. [potion of mutation]
 50527 | Vaults:2 | Lost mutation: You passively dampen the noise of your
                  | surroundings. [potion of mutation]
 50527 | Vaults:2 | Gained mutation: You passively dampen the noise of your
                  | surroundings. [potion of mutation]
 50527 | Vaults:2 | Gained mutation: You passively map a small area around you.
                  | [potion of mutation]
 50527 | Vaults:2 | Gained mutation: Your flesh is heat resistant. (rF+)
                  | [potion of mutation]
 50527 | Vaults:2 | Lost mutation: You are weak. (Str -2) [potion of mutation]
 51743 | Vaults:3 | Reached skill level 18 in Polearms
 52036 | Vaults:3 | Noticed Mara
 52589 | Vaults:3 | Noticed Aizul
 52599 | Vaults:3 | Banished Aizul
 52667 | Vaults:3 | You are sucked into a shaft and drop 1 floor!
 52811 | Vaults:4 | Identified the +5 pair of boots of the Everdark {Str+6}
                  | (Okawaru gifted it to you on level 4 of the Vaults)
 52811 | Vaults:4 | Received a gift from Okawaru
 53084 | Vaults:3 | Reached XP level 21. HP: 118/131 MP: 28/34
 54244 | Vaults:4 | Noticed Saint Roka
 54259 | Vaults:4 | Killed Saint Roka
 55983 | Vaults:4 | Identified the +0 pair of gloves "Ufih" {Fly Will++}
                  | (Okawaru gifted it to you on level 4 of the Vaults)
 55983 | Vaults:4 | Received a gift from Okawaru
 56324 | Vaults:3 | Noticed morax's illusion
 56341 | Vaults:3 | Noticed morax's illusion
 56341 | Vaults:3 | Killed Mara
 56906 | Elf:1    | Entered Level 1 of the Elven Halls
 56988 | Elf:1    | Found Doir's Book Shop.
 57748 | Elf:1    | Reached skill level 10 in Spellcasting
 58166 | Elf:1    | Reached XP level 22. HP: 138/138 MP: 36/36
 58512 | Elf:2    | Found Uzxeikuh's Distillery.
 58520 | Elf:2    | Bought a potion of heal wounds for 95 gold pieces
 58520 | Elf:2    | Bought a potion of curing for 57 gold pieces
 58520 | Elf:2    | Bought a potion of heal wounds for 95 gold pieces
 58520 | Elf:2    | Bought a potion of invisibility for 152 gold pieces
 58520 | Elf:2    | Bought a potion of curing for 57 gold pieces
 58520 | Elf:2    | Bought a potion of heal wounds for 95 gold pieces
 58520 | Elf:2    | Bought a potion of curing for 57 gold pieces
 58520 | Elf:2    | Bought a potion of berserk rage for 95 gold pieces
 58581 | Elf:2    | Paralysed by an air elemental for 1 turns
 58596 | Elf:2    | Reached skill level 19 in Polearms
 58784 | Elf:2    | Identified the staff of poison "Pewaos" {rElec rPois rF+
                  | rC+ Str+3}
 58828 | Elf:2    | Found a huge runed translucent gate.
 58828 | Elf:2    | Found a huge runed translucent gate.
 58829 | Elf:2    | Found a huge runed translucent gate.
 58838 | Elf:2    | Found a huge runed translucent gate.
 58840 | Elf:2    | Found a huge runed translucent gate.
 58855 | Elf:2    | Noticed Zenata
 58862 | Abyss:3  | Cast into level 3 of the Abyss (+3 trident of distortion)
 58962 | Abyss:3  | Killed Snorg
 58963 | Abyss:3  | Noticed a profane servitor
 58972 | Abyss:3  | Killed a profane servitor
 58972 | Abyss:3  | Noticed a profane servitor
 59019 | Abyss:3  | Killed a profane servitor
 59233 | Elf:2    | Escaped the Abyss
 59505 | Elf:2    | Noticed Azrael
 59642 | Elf:1    | Killed Azrael
 59931 | Elf:2    | Identified the +8 dagger of Understanding {speed, rF+}
 59979 | Elf:2    | Identified the +0 scale mail "Ilosmuly" {+Blink Dex+6}
                  | (Okawaru gifted it to you on level 2 of the Elven Halls)
 59979 | Elf:2    | Received a gift from Okawaru
 60136 | Elf:3    | Entered Level 3 of the Elven Halls
 60136 | Elf:3    | Found Fuippes's Antique Weapon Shoppe.
 62203 | Vaults:5 | Entered Level 5 of the Vaults
 62551 | Vaults:4 | Reached skill level 15 in Armour
 62931 | Vaults:5 | Reached skill level 15 in Fighting
 63151 | Vaults:5 | Reached skill level 15 in Shields
 63262 | Vaults:5 | Identified the +5 short sword "Zupulugo" {antimagic, rElec
                  | rN+ rCorr}
 63278 | Vaults:5 | Noticed a golden dragon
 63287 | Vaults:5 | Killed a golden dragon
 63414 | Vaults:5 | Noticed a dread lich
 63440 | Vaults:5 | Gained mutation: Your magical capacity is low. (-10% MP) [a
                  | cacodemon]
 63441 | Vaults:5 | Killed a dread lich
 63537 | Vaults:5 | Reached XP level 23. HP: 78/144 MP: 28/34
 64573 | Vaults:5 | Noticed a dread lich
 64607 | Vaults:4 | Banished a dread lich
 64808 | Vaults:5 | Noticed a golden dragon
 64926 | Vaults:5 | Killed a golden dragon
 64998 | Vaults:5 | Identified the +2 demon blade of Pyromania {pain, *Corrode
                  | rN+ Dex+4 SInv}
 65005 | Vaults:5 | Identified the +6 chain mail of Untold Secrets {+Inv}
 65021 | Vaults:5 | Identified the +3 spear of Infection {flame, rC+}
 65191 | Vaults:5 | Noticed an ancient lich
 65477 | Vaults:5 | Killed an ancient lich
 65478 | Vaults:5 | Reached skill level 20 in Polearms
 65659 | Vaults:5 | Got a silver rune of Zot
 65976 | Depths:1 | Entered Level 1 of the Depths
 65997 | Depths:1 | Reached skill level 10 in Dodging
 66014 | Depths:1 | Found a gateway to Hell.
 66422 | Depths:1 | Got the Vellum of Trauma
 66515 | Depths:1 | Received a gift from Okawaru
 66581 | Depths:1 | Found a one-way gate leading to the halls of Pandemonium.
 66966 | Depths:1 | Found a glowing silver altar of Zin.
 67734 | Depths:2 | Noticed a golden dragon
 67749 | Depths:2 | Killed a golden dragon
 67952 | Depths:2 | Reached skill level 15 in Earth Magic
 68063 | Depths:2 | Reached XP level 24. HP: 143/151 MP: 31/34
 68151 | Depths:2 | Identified the +0 ring mail "Cayph" {Rampage rElec Str+2}
                  | (Okawaru gifted it to you on level 2 of the Depths)
 68151 | Depths:2 | Received a gift from Okawaru
 68602 | Depths:2 | Noticed a juggernaut
 68649 | Depths:2 | Killed a juggernaut
 68993 | Depths:2 | Noticed a caustic shrike
 69001 | Depths:2 | Killed a caustic shrike
 69801 | Depths:2 | Found a basalt altar of Yredelemnul.
 69896 | Depths:3 | Found Sekushryo's Antique Weapon Shoppe.
 70338 | Depths:3 | Found a one-way gateway to a ziggurat.
 70634 | Depths:3 | Paralysed by a floating eye for 4 turns
 70817 | Depths:3 | You are sucked into a shaft and drop 1 floor!
 70817 | Depths:4 | Entered Level 4 of the Depths
 70817 | Depths:4 | Noticed a caustic shrike
 70818 | Depths:4 | Noticed a caustic shrike
 70818 | Depths:4 | Noticed a caustic shrike
 70825 | Depths:4 | Found Giaqiwe's Demolitions Depot.
 71107 | Depths:3 | Identified the +1 battleaxe "Ginud" {freeze, rElec Will-
                  | rCorr}
 71228 | Depths:3 | Identified the staff of earth "Deblun" {rPois rF+ Will-
                  | Int+5}
 71239 | Depths:3 | Identified the amulet "Ohippel" {RegenMP rElec rC+ Int+4
                  | Dex-5}
 71282 | Depths:3 | Received a gift from Okawaru
 71283 | Depths:3 | Reached skill level 21 in Polearms
 71295 | Depths:3 | Found a one-way gate to the infinite horrors of the Abyss.
 71873 | Depths:4 | Received a gift from Okawaru
 71960 | Depths:4 | Banished a caustic shrike
 71970 | Depths:4 | Noticed a caustic shrike
 71976 | Depths:4 | Killed a caustic shrike
 72035 | Depths:4 | Killed a caustic shrike
 72204 | Depths:4 | Reached XP level 25. HP: 159/159 MP: 35/35
 72365 | Depths:4 | Found a gate to the Realm of Zot.
 73261 | Elf:2    | Killed Zenata
 73742 | Elf:2    | Noticed Nikola
 73756 | Elf:2    | Killed Nikola
 74410 | Elf:3    | Identified the amulet "Cyjoublymae" {Acrobat rElec}
 74411 | Elf:3    | Identified the +9 hand crossbow of Resourcefulness {freeze,
                  | Drain rPois rCorr}
 74790 | Elf:3    | Identified the +4 pair of boots of Charity {Will+ rCorr}
 74792 | Elf:3    | Got the Lectures on Necromancy and Rime
 75012 | Elf:3    | Identified the +3 plate armour of the Orb {Str+3 Slay+2}
 75015 | Elf:3    | Identified the +8 plate armour of Resonance {-Cast Harm
                  | Regen+ Dex+5}
 75064 | Elf:3    | Got the Quarto of Algor and Blight
 75584 | Zot:1    | Entered Level 1 of the Realm of Zot
 75837 | Zot:1    | Received a gift from Okawaru
 75945 | Zot:1    | Noticed an orb of fire
 75954 | Zot:1    | Gained mutation: Your body sometimes deteriorates upon
                  | taking damage. [an orb of fire]
 75959 | Zot:1    | Banished an orb of fire
 77135 | Zot:2    | Reached XP level 26. HP: 165/166 MP: 36/36
 77354 | Zot:2    | Reached skill level 22 in Polearms
 80248 | Zot:4    | Received a gift from Okawaru
 81413 | Zot:5    | Entered Level 5 of the Realm of Zot
 82543 | Spider:1 | Banished Iptoecus's ghost
 82605 | Spider:1 | Identified the +1 pair of boots of the Furies {+Inv rN+
                  | rCorr MP-9}
 82606 | Spider:1 | Identified the +0 pair of gloves of Dogma {Rampage}
 82713 | Lair:1   | Killed caveywoolpert's ghost
 82853 | D:7      | Killed Crazy Yiuf
 83303 | Zot:5    | Received a gift from Okawaru
 83865 | Zot:5    | Noticed an ancient lich
 83890 | Zot:5    | Killed an ancient lich
 84053 | Zot:5    | Noticed a Killer Klown
 84069 | Zot:5    | a Killer Klown changed into a caustic shrike
 84090 | Zot:5    | Reached XP level 27. HP: 102/173 MP: 31/36
 84424 | Zot:5    | Noticed an orb of fire
 84426 | Zot:5    | Gained mutation: You are clumsy. (Dex -2) [an orb of fire]
 84427 | Zot:5    | Gained mutation: You occasionally lose the ability to drink
                  | potions when taking damage. [an orb of fire]
 84448 | Zot:5    | Reached skill level 1 in Conjurations
 84450 | Zot:5    | Killed an orb of fire
 84684 | Zot:4    | Lost mutation: You passively map a small area around you.
                  | [potion of mutation]
 84684 | Zot:4    | Lost mutation: Your flesh is heat resistant. (rF+) [potion
                  | of mutation]
 84684 | Zot:4    | Lost mutation: Your body sometimes deteriorates upon taking
                  | damage. [potion of mutation]
 84685 | Zot:4    | Lost mutation: You passively dampen the noise of your
                  | surroundings. [potion of mutation]
 84685 | Zot:4    | Lost mutation: You are clumsy. (Dex -2) [potion of
                  | mutation]
 84685 | Zot:4    | Lost mutation: Your magical capacity is low. (-10% MP)
                  | [potion of mutation]
 84685 | Zot:4    | Gained mutation: You have a beak for a mouth. [potion of
                  | mutation]
 84685 | Zot:4    | Gained mutation: You are weak. (Str -2) [potion of
                  | mutation]
 84685 | Zot:4    | Gained mutation: Your natural rate of healing is unusually
                  | fast. [potion of mutation]
 85605 | Zot:5    | Paralysed by a Zot trap for 4 turns
 85687 | Zot:5    | Noticed an orb of fire
 85694 | Zot:5    | Noticed an orb of fire
 85698 | Zot:5    | Noticed an orb of fire
 85716 | Zot:5    | Banished an orb of fire
 86696 | Zot:5    | Banished an orb of fire
 86697 | Zot:5    | Reached skill level 23 in Polearms
 86737 | Zot:5    | Gained mutation: Armour fits poorly on your strangely
                  | shaped body. [an orb of fire]
 86747 | Zot:5    | Gained mutation: Your body sometimes deteriorates upon
                  | taking damage. [an orb of fire]
 86753 | Zot:5    | Gained mutation: Your body often deteriorates upon taking
                  | damage. [an orb of fire]
 86762 | Zot:5    | Banished an orb of fire
 86871 | Zot:5    | Noticed an ancient lich
 87107 | Zot:5    | Identified the +0 glaive of Exoneration {freeze, rPois rF+
                  | Str-3 Stlth+} (Okawaru gifted it to you on level 5 of the
                  | Realm of Zot)
 87107 | Zot:5    | Received a gift from Okawaru
 87112 | Zot:5    | Reached skill level 5 in Conjurations
 87333 | Zot:5    | Killed an ancient lich
 87486 | Zot:5    | Noticed an ancient lich
 87533 | Zot:5    | Killed an ancient lich
 88960 | Crypt:1  | Entered Level 1 of the Crypt
 89750 | Crypt:1  | Received a gift from Okawaru
 90726 | Crypt:3  | Entered Level 3 of the Crypt
 90815 | Crypt:3  | Identified the +0 robe of Ypoklem {rElec Dex+5}
 91164 | Crypt:3  | Identified the +11 plate armour of Komioh {Rampage}
 91201 | Crypt:3  | Found a staircase to the Tomb.
 91287 | Crypt:3  | Noticed Boris
 91292 | Crypt:3  | Killed Boris
 92170 | Crypt:3  | Found a basalt altar of Yredelemnul.
 92174 | Crypt:3  | Found an ancient bone altar of Kikubaaqudgha.
 92218 | Crypt:3  | Identified the amulet of Siott {Regen+ rCorr Dex+3}
 92218 | Crypt:3  | Identified the ring "Arraheca" {rN+ Dex+5}
 92220 | Crypt:3  | Identified the +0 tower shield of the Bruised Allies {rCorr
                  | Int+4}
 92254 | Crypt:3  | Noticed a royal mummy
 92271 | Crypt:3  | Killed a royal mummy
 92330 | Crypt:3  | Identified the +7 trident "Myshe" {drain, rElec rN+ rCorr}
                  | (Okawaru gifted it to you on level 3 of the Crypt)
 92330 | Crypt:3  | Received a gift from Okawaru
 92368 | Tomb:1   | Entered Level 1 of the Tomb of the Ancients
 92806 | Slime:1  | Entered Level 1 of the Pits of Slime
 92816 | Slime:1  | Gained mutation: You occasionally lose the ability to read
                  | scrolls when taking damage. [a shining eye]
 93320 | Slime:5  | Entered Level 5 of the Pits of Slime
 93559 | Slime:5  | Found a viscous altar of Jiyva.
 93559 | Slime:5  | Noticed the Royal Jelly
 93839 | Slime:5  | Banished the Royal Jelly
 94166 | Slime:5  | Identified a scroll of acquirement
 94345 | Slime:5  | Identified the +0 pair of gloves of Okawaru's Favour {Dex+3
                  | Stlth+} (Okawaru gifted it to you on level 5 of the Pits of
                  | Slime)
 94345 | Slime:5  | Received a gift from Okawaru
 95717 | Depths:3 | Voluntarily entered the Abyss.
 95814 | Abyss:4  | Lost mutation: Your natural rate of healing is unusually
                  | fast. [an orb of fire]
 95835 | Depths:3 | Escaped the Abyss
 96366 | Zot:5    | Got the Orb of Zot
 96466 | Zot:1    | Noticed Amim Gel the pandemonium lord
 96556 | Depths:3 | Reached skill level 10 in Conjurations
 96632 | D:15     | Noticed Zipashawn the pandemonium lord
 96692 | D:14     | Killed Zipashawn the pandemonium lord
 96802 | D:14     | Noticed Kahieb the pandemonium lord
 96821 | D:14     | Killed Kahieb the pandemonium lord
 97055 | D:$      | Escaped with the Orb!

Illustrated notes

Levels and vault maps discovered:
D:1:      dpeg_arrival_rooms_b, layout_loops_corners,
          hellmonk_ecumenical_altar_inner_sanctum
D:2:      layout_loops_corners, serial_forest, infiniplex_forest_end_3,
          infiniplex_forest_clump_small, infiniplex_forest_lined_2,
          infiniplex_forest_zigzag_1, infiniplex_forest_lined_2,
          infiniplex_forest_lined_4_way, infiniplex_forest_zigzag_1,
          infiniplex_forest_lined_4_way, uniq_natasha, uniq_robin
D:3:      layout_rooms, st_stairs_7
D:4:      layout_basic
D:5:      layout_basic, nicolae_gozag_cash_rules_everything_around_me,
          nicolae_overflow_hidden_temple, goddamned_bats
D:6:      layout_layer_cave, nicolae_lava_and_water
D:7:      layout_loops_ring, temple_doors_cd, uniq_menkaure,
          uniq_crazy_yiuf_cottage, uniq_joseph
D:8:      layout_loops_ring, small_statue_intersection, nicolae_benzene_ring,
          hangedman_decor_growths, uniq_prince_ribbit1
D:9:      layout_basic, erik_lair_dragon, hiddenorc1_lemuel, enter_bailey_3,
          minmay_misc_feat_alley
D:10:     cheibrodos_elevator_heist, layout_loops_ring, serial_shops, shop,
          eino_curves_01, uniq_sonja
D:11:     layout_basic, ebering_ghost_disaster_area, uniq_gastronok, uniq_snorg
D:12:     layout_basic, serial_shops, shop, feat_on_display, uniq_nergalle
D:13:     layout_cave_pools, gammafunk_ghost_hydra_chop, kennysheep_flooded_box
D:14:     layout_roguey, erik_vaults_2, nicolae_ashenzari_skybound, uniq_agnes
D:15:     hangedman_depths_entry_civil_slaughter, layout_cave_pools,
          minmay_misc_feat_tiny, minmay_increasing_density
Temple:   mainiacjoe_temple_big_plus
Lair:1:   layout_gridlike, ebering_ghost_rock_garden, gauntlet_entry_generic,
          uniq_maggie
Lair:2:   nzn_winding_woodlands_large [nzn_winding_woodlands_5x5_cross,
          nzn_winding_woodlands_5x15_parted,
          nzn_winding_woodlands_5x5_open_star,
          nzn_winding_woodlands_center_lodge,
          nzn_winding_woodlands_15x15_five_gardens,
          nzn_winding_woodlands_center_pierced_h,
          nzn_winding_woodlands_5x5_closed_star,
          nzn_winding_woodlands_5x15_lazy_stream,
          nzn_winding_woodlands_5x5_three], layout_gridlike
Lair:3:   layout_regular_city, minmay_swamp_entry_swarm, dummy_spider_entry,
          chequers_serial_rivers_small_a, serial_bayou_shore_b, uniq_fannar
Lair:4:   layout_roguey, slime_entry_2
Lair:5:   minmay_lair_end_enchanted_forest, layout_misc_corridors,
          ebering_ghost_reflecting_pool, uniq_kirke
Swamp:1:  layout_basic_swamp, serial_swamp_ruin, evilmike_swamp_ruin_house_6,
          evilmike_swamp_ruin_house_4, evilmike_swamp_ruin_house_3, swamp_pool5
Swamp:2:  layout_basic_swamp, evilmike_swamp_ruin_rubble_1
Swamp:3:  layout_basic_swamp, evilmike_swamp_ruin_rubble_2, swamp_pool1,
          nicolae_swamp_bloodsuckers_inc
Swamp:4:  swamp, layout_basic_swamp, swamp_pool2, uniq_mlioglotl
Spider:1: cheibrodos_spider_deadly_dance, gammafunk_ghost_tricky_traps,
          uniq_rupert
Spider:2: nicolae_spider_broodchamber, nicolae_spider_bug_shape, uniq_louise
Spider:3: nicolae_spider_corner, hangedman_spider_mandibles, drop_trap,
          uniq_arachne, uniq_asterion
Spider:4: floodkiller_spider_rune_tomb, uniq_roxanne, uniq_bai_suzhen
Slime:1:  layout_caves
Slime:2:  layout_caves
Slime:3:  layout_caves, basic_altar, cheibrodos_slime_lost_civilization_4
Slime:4:  layout_caves, nicolae_slime_barrier
Slime:5
Orc:1:    layout_diamond_mine, serial_shops, nicolae_shop_tiny_statue_garden
Orc:2:    st_orc_congregation, layout_caves
Elf:1:    minmay_elf_arrival_circle, layout_geoelf_diagonals, serial_shops,
          nicolae_shop_crystal, minivault_28, grunt_ministairs_8
Elf:2:    elven_hall_of_blades_hangedman_alternative
          [nicolae_blade_entry_crossed_weapons], layout_onion_city,
          serial_shops, nicolae_diamond_shop,
          minmay_checkered_concentric_circles, uniq_nikola, uniq_zenata,
          uniq_azrael
Elf:3:    minmay_elf_hall, layout_loops_ring, serial_shops, shop,
          dreamdust_mushroom_princess
Vaults:1: hangedman_vaults_stream, ontoclasm_vaults_hangar,
          nicolae_vaults_door_testing_chamber,
          hangedman_vaults_stretched_pinwheel, v_misc_16, v_misc_31,
          ontoclasm_vaults_loading_screen, grunt_vaults_hallway_short,
          vaults_dpeg_diagonal, nicolae_vaults_prndl, nicolae_vaults_house_3,
          nicolae_vaults_trapezoid_1, nicolae_vaults_enemy_cabinets,
          layout_vaults_chaotic_city, serial_shops, nicolae_lakefront_shop
Vaults:2: minmay_crypt_entry_necro_gods, nicolae_vaults_security_offices_6,
          v_rooms_2, nicolae_vaults_network_quinsquares
          [nicolae_vaults_network_quincunx_subvault,
          nicolae_vaults_network_quincunx_subvault,
          nicolae_vaults_network_quincunx_subvault,
          nicolae_vaults_network_quincunx_subvault], v_misc_18,
          hangedman_vaults_restitches, nicolae_vaults_cochlea,
          grunt_vaults_trifunnel, vaults_room_pool,
          nicolae_vaults_tetromino_T_2, nicolae_vaults_big_ls,
          ontoclasm_vaults_idyll, vaults_room_stairs_pillars,
          nicolae_vaults_tetromino_L_2, hangedman_vaults_corner_blocks,
          nicolae_vaults_trapezoid_4, nicolae_vaults_tetromino_T_2,
          nicolae_vaults_layer_cake_slice, layout_vaults_maze_bifur
Vaults:3: nicolae_vaults_mitosis, nicolae_vaults_network_periphery,
          nicolae_vaults_display_case, nicolae_vaults_tetromino_Z_2,
          nicolae_vaults_mini_display_case, layout_vaults_quadrants, uniq_aizul,
          uniq_mara
Vaults:4: nicolae_vaults_arrows, vaults_room_door_hall, nicolae_vaults_wrenched,
          nicolae_vaults_closet_pinwheel_4, nicolae_vaults_octagons,
          ontoclasm_vaults_tryst, vaults_room_hallway, v_misc_33,
          nicolae_vaults_sesquioval_fish, nicolae_vaults_asterisk,
          nicolae_vaults_trapezoid_lopsided_3, v_misc_8,
          nicolae_vaults_apartment_1, nicolae_vaults_tetromino_L_1,
          layout_vaults_omnibox, uniq_saint_roka
Vaults:5: serial_shops
Crypt:1:  layout_chaotic_city, grunt_crypt_arrival_guarded_gate,
          grunt_megastairs_3
Crypt:2:  layout_gridlike, grunt_megastairs_4
Crypt:3:  lightli_unholy_cathedral, layout_chaotic_city,
          tomb_entry_simple_bobbens, uniq_boris
Tomb:1
Depths:1: layout_gridlike, rand_demon_pan_entry_7, serial_glass,
          glass_columns_b, glass_columns_a, glass_columns_c, glass_columns_a,
          glass_columns_c, glass_columns_a, pf_coc_iceberg,
          minmay_misc_feat_tower, roderic_serpentine_path, minivault_16,
          minmay_misc_feat_rows, zin_academy
Depths:2: minmay_four_inscribed_fans, layout_gridlike, pan_entry,
          lightli_too_deep, lemuel_zombie_altar_yredelemnul
Depths:3: minmay_stepped, layout_honeycomb, enter_ziggurat_c,
          grunt_hell_entry_dis_grunt, abyss_entry, serial_shops,
          nicolae_shop_tiny_real_fake_doors, minmay_variable_closet
Depths:4: grunt_twist_and_shout, layout_honeycomb, grunt_pan_entry_spiral,
          minmay_room_of_horrors, hell_entry, nicolae_blasting_shop
Zot:1:    layout_onion_interference, grunt_megastairs_5
Zot:2:    kennysheep_room_grid, layout_gridlike, grunt_ministairs_2,
          st_stairs_13, st_single_dragon_hoard_1
Zot:3:    layout_gridlike
Zot:4:    layout_concentric_octagons, hangedman_elemental_corridor
Zot:5:    layout_misc_corridors

Skill      XL: |  1  2  3  4  5  6  7  8  9 10 11 12 13 14 15 16 17 18 19 20 21 22 23 24 25 26 27 |
---------------+----------------------------------------------------------------------------------+-----
Fighting       | 4 5 6 7 8 9 10 11 12 13 14 15 16 17 18 19 | 19.2
Armour         | 4 5 6 7 8 9 10 11 12 13 14 15 16 17 18 19 | 19.3
Shields        | 4 5 6 7 8 9 10 11 12 13 14 15 16 17 18 19 | 19.3
Maces & Flails | 3 4 5 7 8 9 |  9.7
Invocations    | 3 6 7 8 9 11 12 14 15 16 | 16.9
Earth Magic    | 1 3 5 6 8 9 10 11 12 13 14 15 16 17 19 | 19.1
Spellcasting   | 2 3 4 5 6 7 8 9 10 11 12 13 14 | 14.9
Necromancy     | 2 3 4 5 6 7 8 |  8.4
Polearms       | 3 10 13 14 15 16 17 18 19 20 21 22 23 | 23.9
Stealth        | 3 5 6 |  6.3
Dodging        | 2 3 4 5 6 7 8 9 10 11 12 13 | 13.6
Conjurations   | 10 | 10.2

Action                     |  1- 3 |  4- 6 |  7- 9 | 10-12 | 13-15 | 16-18 | 19-21 | 22-24 | 25-27 || total
---------------------------+-------+-------+-------+-------+-------+-------+-------+-------+-------++-------
  Melee: Flail             |    93 |   249 |   115 |       |       |       |       |       |       ||   457
         Mace              |       |       |   204 |   503 |       |       |       |       |       ||   707
         Demon trident     |       |       |       |   183 |   961 |  1697 |  1757 |  1662 |  3052 ||  9312
         Peck              |       |       |       |       |       |       |       |       |   323 ||   323
   Cast: Wereblood         |       |       |       |       |       |    11 |       |       |       ||    11
         Borgnjor's Vile C |       |       |       |       |       |    11 |    74 |   141 |   106 ||   332
 Invoke: Heroism           |       |       |       |     5 |     2 |     8 |     1 |     7 |     7 ||    30
         Finesse           |       |       |       |     2 |       |     8 |     1 |     6 |     7 ||    24
  Evoke: Wand              |       |       |       |    17 |     7 |     6 |       |     3 |     8 ||    41
    Use: Scroll            |       |     8 |     6 |    12 |     3 |    11 |    10 |    14 |    18 ||    82
         Potion            |       |     6 |     5 |     9 |     2 |    10 |    11 |    18 |    25 ||    86
   Stab: Invisible         |       |       |     1 |     1 |       |     1 |       |       |       ||     3
         Confused          |       |       |       |     2 |       |     2 |       |       |     1 ||     5
         Sleeping          |       |       |       |       |     9 |    27 |     7 |       |       ||    43
         Distracted        |       |       |       |       |       |    10 |     3 |     1 |     1 ||    15
 Armour: Scale mail        |    41 |   214 |   115 |       |       |       |       |       |       ||   370
         Ring mail         |       |       |    63 |   352 |   248 |   541 |       |       |       ||  1204
         Chain mail        |       |       |       |       |       |   318 |   501 |       |       ||   819
         Plate armour      |       |       |       |       |       |       |    73 |   382 |       ||   455
         Gold dragon scale |       |       |       |       |       |       |       |   258 |  1492 ||  1750
  Dodge: Dodged            |    38 |   165 |   140 |   340 |   178 |   410 |   333 |   272 |   446 ||  2322
  Block: Buckler           |    24 |    89 |    89 |   203 |   120 |   249 |   269 |    97 |       ||  1140
         Kite shield       |       |       |       |       |       |       |       |   444 |   922 ||  1366
         Reflection        |       |       |       |       |       |       |       |    38 |    52 ||    90
         Tower shield      |       |       |       |       |       |       |       |       |   399 ||   399

Table legend: (Time is in decaauts)
 A = Elapsed time spent in this place.
 B = Non-inter-level travel time spent in this place.
 C = Inter-level travel time spent in this place.
 D = Time resting spent in this place.
 E = Time spent auto-exploring this place.
 F = Levels seen in this place.
 G = Mean time per level.
                   A        B        C        D        E       F      G
               +--------+--------+--------+--------+--------+-----+--------+
         Total |  94227 |  85351 |   8876 |  20644 |  48383 |  63 | 1495.7 |
       Dungeon |  21151 |  17731 |   3420 |   1812 |  12848 |  15 | 1410.1 |
        Temple |    526 |    469 |     57 |      0 |    461 |   1 |  526.0 |
          Lair |   7046 |   6308 |    738 |    454 |   4928 |   5 | 1409.2 |
         Swamp |   3780 |   3542 |    238 |    402 |   2535 |   4 |  945.0 |
   Spider Nest |  11065 |  10399 |    666 |   4344 |   4418 |   4 | 2766.2 |
    Slime Pits |   2449 |   2278 |    171 |   1019 |    775 |   5 |  489.8 |
  Orcish Mines |   3594 |   3037 |    557 |    615 |   1824 |   2 | 1797.0 |
   Elven Halls |   6020 |   5655 |    365 |   2155 |   2234 |   3 | 2006.7 |
        Vaults |  13253 |  12494 |    759 |   4003 |   5965 |   5 | 2650.6 |
         Crypt |   3319 |   3081 |    238 |    458 |   1764 |   3 | 1106.3 |
          Tomb |     42 |     27 |     15 |      0 |     15 |   1 |   42.0 |
        Depths |   7502 |   6861 |    641 |    875 |   4524 |   4 | 1875.5 |
           Zot |  11944 |  10939 |   1005 |   4071 |   4900 |   5 | 2388.8 |
         Abyss |    600 |    600 |      0 |    143 |      8 |   4 |  150.0 |
        Bailey |   1329 |   1329 |      0 |    123 |    873 |   1 | 1329.0 |
      Gauntlet |    601 |    601 |      0 |    167 |    309 |   1 |  601.0 |
               +--------+--------+--------+--------+--------+-----+--------+

Top non-repeatable levels by time:
   Zot:5: 4920 daAuts
Vaults:4: 3627 daAuts
Spider:3: 3281 daAuts
Spider:4: 3275 daAuts
Vaults:1: 2785 daAuts
Spider:2: 2718 daAuts
    D:10: 2646 daAuts
     D:9: 2558 daAuts
Vaults:3: 2464 daAuts
Vaults:2: 2410 daAuts
   Elf:2: 2396 daAuts
   Orc:2: 2369 daAuts
   Zot:4: 2320 daAuts
Depths:2: 2209 daAuts
  Lair:5: 2052 daAuts
